 Dungeon Crawl Stone Soup version 0.22.0-75-g3901e79 (webtiles) character file.

1084 inc the Fighter (level 8, -7/92 HPs)
             Began as an Ogre Gladiator on Sept 12, 2018.
             Was an Initiate of Okawaru.
             Mangled by a yak (14 damage)
             ... on level 6 of the Dungeon.
             The game lasted 00:09:55 (5518 turns).

inc the Fighter (Ogre Gladiator)                    Turns: 5518, Time: 00:09:56

Health: -7/92      AC:  4    Str: 23    XL:     8   Next: 30%
Magic:  8/8        EV: 10    Int:  9    God:    Okawaru [......]
Gold:   204        SH:  0    Dex: 10    Spells: 7/7 levels left

rFire    + . .     SeeInvis .   m - +0 giant club
rCold    + . .     Gourm    .   (shield currently unavailable)
rNeg     . . .     Faith    .   b - +0 robe
rPois    +         Spirit   .   c - +0 hat
rElec    +         Reflect  .   o - +0 cloak
rCorr    +         Harm     .   (gloves unavailable)
MR       .....                  (boots unavailable)
Stlth    +.........             (no amulet)
HPRegen  0.25/turn              u - +2 ring of strength
MPRegen  0.11/turn              A - ring of poison resistance

@: resistant
A: large, unfitting armour, tough skin 1
a: Renounce Religion


You were on level 6 of the Dungeon.
You worshipped Okawaru.
Okawaru was noncommittal.
You were not hungry.

You visited 2 branches of the dungeon, and saw 8 of its levels.

You collected 204 gold pieces.

Inventory:

Hand Weapons
 a - a +0 flail
 m - a +0 giant club (weapon)
Missiles
 d - 3 throwing nets
 w - 3 large rocks (quivered)
Armour
 b - a +0 robe (worn)
 c - a +0 hat (worn)
 o - a +0 cloak (worn)
Jewellery
 l - an uncursed ring of positive energy
 q - an uncursed ring of resist corrosion
 u - a +2 ring of strength (left hand)
 x - an uncursed ring of stealth
 y - an uncursed ring of flight
 A - a ring of poison resistance (right hand)
Wands
 B - a wand of polymorph (15)
Scrolls
 e - 3 scrolls of identify
 h - a scroll of noise {unknown}
 i - 2 scrolls of random uselessness {unknown}
 j - a scroll of amnesia {unknown}
 n - a scroll of remove curse
 r - 4 scrolls of enchant armour {unknown}
 v - a scroll of fear {unknown}
 D - a scroll of immolation {unknown}
Potions
 k - a potion of curing
 p - 3 potions of brilliance
 s - 3 potions of flight
 z - a potion of resistance
Comestibles
 f - 12 rations


   Skills:
 + Level 9.1 Fighting
 + Level 6.7 Maces & Flails
 - Level 2.0 Throwing
 - Level 2.6 Dodging


You had 7 spell levels left.
You didn't know any spells.
Your spell library contained the following spells:

 Spells                   Type           Power        Failure   Level  Hunger
 Confusing Touch          Hex            #.....       38%         1    ##.....


Dungeon Overview and Level Annotations

Branches:
Dungeon (7/15)             Temple (1/1) D:5

Altars:
Ashenzari
Cheibriados
Dithmenos
Gozag
Hepliaklqana
Kikubaaqudgha
Okawaru
Sif Muna
Trog
Vehumet
Xom
Yredelemnul
Zin

Annotations:
D:4 2 transporters, CunnettoGentile's ghost, amateur MiFi


Innate Abilities, Weirdness & Mutations

You are too large for most types of armour.
You have tough skin. (AC +1)


Message History

The yak gores you!
You closely miss the yak.
The yak is moderately wounded.
A yak comes into view.
You sock the yak!
The yak is moderately wounded.
The yak gores you but does no damage. The yak gores you! The yak gores you.
It was a potion of resistance.
You feel protected. The yak gores you!
* * * LOW HITPOINT WARNING * * *
The yak gores you but does no damage.
All of the chunks of flesh in your inventory have rotted away.
It was a potion of magic.
Magic courses through your body. The yak gores you!
* * * LOW HITPOINT WARNING * * *
The yak gores you.
* * * LOW HITPOINT WARNING * * *
As you read the scroll labeled EMAAVV ECHAR, it crumbles to dust.
The scroll dissolves into smoke.
It was a scroll of fog.
The yak gores you!
You die...

..... ... ...... ...#
##.##### #...# ..
##...# . .....#
...h###########......
)...........÷§§§.#
##############Y###
#.[.YY@# #...§###
#..._. ..... .....
.... ....


You could see 3 yaks.

Vanquished Creatures
  Duvessa (D:4)
  An ogre (D:4)
  Dowan (D:4)
  A scorpion (D:5)
  3 crimson imps (D:6)
  A centaur zombie (D:6)
  A jelly (D:7)
  2 bullfrog skeletons
  2 centaur skeletons (D:5)
  3 orc priests
  2 hounds
  2 orc wizards
  3 worker ants
  A hound skeleton (D:6)
  A worker ant zombie (D:7)
  3 gnolls (D:5)
  6 adders
  2 oozes (D:3)
  An adder skeleton (D:5)
  2 worms
  3 dart slugs
  A leopard gecko (D:4)
  17 orcs
  6 bats
  2 giant cockroaches
  5 goblins
  10 hobgoblins
  15 jackals
  2 quokkas
  7 frilled lizards
  5 kobolds
  7 rats
119 creatures vanquished.

Notes
Turn   | Place    | Note
-------+----------+-------------------------------------------
     0 | D:1      | inc the Ogre Gladiator began the quest for the Orb.
     0 | D:1      | Reached XP level 1. HP: 22/22 MP: 1/1
    84 | D:1      | Reached skill level 3 in Fighting
    92 | D:1      | Reached XP level 2. HP: 27/31 MP: 2/2
   557 | D:1      | Reached XP level 3. HP: 36/39 MP: 3/3
   680 | D:2      | Reached skill level 4 in Fighting
   883 | D:2      | Reached XP level 4. HP: 7/49 MP: 4/4
  1607 | D:3      | Found a faded altar of an unknown god.
  1823 | D:3      | Reached skill level 5 in Fighting
  1823 | D:3      | Reached XP level 5. HP: 33/57 MP: 5/5
  2197 | D:3      | Found a radiant altar of Vehumet.
  2198 | D:3      | Found an ancient bone altar of Kikubaaqudgha.
  2199 | D:3      | Found a deep blue altar of Sif Muna.
  2205 | D:3      | Identified Sif Muna's Grimoire of Malediction
  2784 | D:3      | You fall through a shaft for 3 floors!
  2803 | D:6      | Reached skill level 6 in Fighting
  2803 | D:6      | Reached XP level 6. HP: 67/67 MP: 6/6
  2851 | D:6      | Reached skill level 5 in Maces & Flails
  3180 | D:7      | Found a snail-covered altar of Cheibriados.
  3252 | D:5      | Entered Level 5 of the Dungeon
  3279 | D:5      | Found a shadowy altar of Dithmenos.
  3298 | D:5      | Found a bloodstained altar of Trog.
  3323 | D:5      | Reached skill level 7 in Fighting
  3323 | D:5      | Reached XP level 7. HP: 49/78 MP: 7/7
  3501 | D:5      | Found a shattered altar of Ashenzari.
  3502 | D:5      | Found a snail-covered altar of Cheibriados.
  3652 | D:4      | Found a shimmering altar of Xom.
  3652 | D:4      | Found a glowing silver altar of Zin.
  3652 | D:4      | Noticed an angel
  3695 | D:4      | Found a transporter.
  3696 | D:4      | Noticed CunnettoGentile's ghost (amateur MiFi)
  3697 | D:4      | Found a transporter.
  3809 | D:4      | Noticed Duvessa
  3837 | D:4      | Killed Duvessa
  3857 | D:4      | Reached skill level 8 in Fighting
  4096 | D:4      | Noticed Dowan
  4099 | D:4      | Killed Dowan
  4112 | D:4      | Reached XP level 8. HP: 79/89 MP: 8/8
  4497 | D:5      | Found a staircase to the Ecumenical Temple.
  4511 | Temple   | Entered the Ecumenical Temple
  4527 | Temple   | Became a worshipper of Warmaster Okawaru
  4752 | D:5      | Reached skill level 9 in Fighting
  5135 | D:6      | Noticed a hippogriff
  5511 | D:6      | Found an opulent altar of Gozag.
  5511 | D:6      | Noticed a yak
  5511 | D:6      | Noticed a yak
  5514 | D:6      | Noticed a yak
  5518 | D:6      | Mangled by a yak

Skill      XL: |  1  2  3  4  5  6  7  8 |
---------------+-------------------------+-----
Fighting       | 3 4 5 6 7 8 9 |  9.1
Maces & Flails | 3 4 5 6 |  6.7
Throwing       | |  2.0
Dodging        | |  2.6

Action                   |  1- 3 |  4- 6 |  7- 9 || total
-------------------------+-------+-------+-------++-------
Melee: Flail             |   106 |   147 |    76 ||   329
       Giant club        |       |       |    99 ||    99
  Use: Scroll            |       |     7 |     4 ||    11
       Potion            |       |     1 |     4 ||     5
 Stab: Sleeping          |     2 |     2 |       ||     4
       Distracted        |       |     1 |       ||     1
  Eat: Chunk             |       |     8 |     7 ||    15
Armor: Robe              |    54 |    46 |    62 ||   162
       Skin              |       |       |    12 ||    12
Dodge: Dodged            |    88 |    92 |    95 ||   275
